Map: Port Aleksander LE

Players

Clem

  • Race: Terran Terran
  • League: Grandmaster
  • Spawn Location: 5:00

Lambo - Winner!

  • Race: Zerg Zerg
  • League: Grandmaster
  • Spawn Location: 11:00

VOD

Have the link to the VOD?

Description

Time

  • Played on: Dec. 28, 2018, 11:45 a.m.
  • Length: 18:04
Show
View Real Time Build Order
Export as new Build Order

Clem Terran 

Build Orders: Liberator Opening, Reaper Expand, Mech 

Get SALT Encoding   

  12  0:00  SCV  
  13  0:13  SCV  
  14  0:17  Supply Depot  
  14  0:25  SCV  
  15  0:39  SCV  
  15  0:40  Barracks  
  16  0:44  Refinery  
  16  0:51  SCV  
  17  1:03  SCV  
  18  1:15  SCV  
  19  1:29  Reaper, Orbital Command  
  20  1:42  Command Center  
  20  1:50  Supply Depot  
  20  1:55  SCV  
  20  2:01  Marine  
  22  2:06  Factory  
  22  2:12  SCV  
  22  2:14  Refinery  
  23  2:20  Barracks Reactor  
  23  2:24  SCV  
  24  2:36  SCV  
  25  2:48  SCV  
  26  2:55  Orbital Command, Starport  
  25  3:00  SCV  
  25  3:01  Hellion x2  
  25  3:03  Barracks Tech Lab  
  30  3:12  SCV  
  31  3:21  Marine  
  31  3:22  SCV, Hellion x2  
  31  3:24  SCV  
  38  3:31  Medivac  
  38  3:32  Supply Depot  
  40  3:34  SCV  
  40  3:36  SCV  
  42  3:48  SCV x2  
  43  3:51  Marine  
  43  3:52  Marine  
  43  3:53  Siege Tank  
  43  3:54  Liberator  
  49  3:56  Supply Depot  
  49  4:00  SCV x2  
  51  4:16  Command Center  
  54  4:21  Command Center  
  54  4:24  Supply Depot  
  54  4:25  SCV x2  
  56  4:34  Marine x2, Siege Tank  
  56  4:37  SCV  
  62  4:44  Supply Depot  
  62  4:45  Refinery, SCV  
  63  4:46  Refinery  
  63  4:49  SCV  
  63  4:52  Armory  
  64  4:54  Marine x2  
  64  4:57  SCV  
  67  5:02  SCV, Supply Depot  
  68  5:17  SCV x2  
  68  5:18  Hellion x2  
  74  5:23  Cloaking Field, Banshee  
  74  5:25  Supply Depot  
  77  5:29  SCV x2  
  77  5:31  Supply Depot  
  79  5:40  Hellion  
  79  5:41  SCV x2  
  79  5:42  Orbital Command  
  83  5:52  Hellion  
  83  5:53  SCV x2  
  87  6:01  Hellion  
  73  6:05  SCV x2  
  66  6:14  Barracks Tech Lab  
  66  6:16  Factory x2  
  66  6:17  SCV  
  66  6:18  SCV  
  65  6:19  Hellion  
  65  6:22  Hellion  
  65  6:23  Refinery  
  65  6:24  Refinery  
  69  6:28  Terran Vehicle And Ship Armor Level 1  
  69  6:35  Viking, Supply Depot  
  69  6:36  Supply Depot  
  69  6:37  SCV x2  
  70  6:43  Hellion  
  70  6:44  Hellion  
  74  6:49  SCV x2  
  76  6:59  Factory  
  76  7:00  Factory  
  76  7:03  Factory Tech Lab  
  76  7:05  SCV  
  76  7:08  SCV  
  78  7:11  Cyclone, Mag-Field Accelerator  
  78  7:13  Hellion x2  
  85  7:17  SCV  
  85  7:18  Orbital Command  
  85  7:20  SCV  
  87  7:25  Cyclone  
  90  7:31  SCV, Infernal Pre-Igniter  
  90  7:32  SCV  
  90  7:34  Hellion x2, Banshee  
  99  7:45  SCV  
  99  7:46  Supply Depot  
  99  7:49  Factory Tech Lab x2  
  99  7:51  Cyclone  
  103  7:54  Supply Depot  
  103  7:57  Cyclone  
  106  7:59  SCV  
  107  8:06  SCV  
  107  8:07  Command Center  
  107  8:08  Supply Depot  
  107  8:09  Hellion x2  
  112  8:13  SCV x2  
  112  8:18  SCV  
  115  8:20  Banshee  
  115  8:21  Cyclone x2  
  115  8:24  Cyclone  
  127  8:27  Supply Depot  
  127  8:29  Cyclone  
  127  8:31  Hellion  
  127  8:33  Supply Depot  
  132  8:40  SCV x2  
  126  8:42  SCV  
  107  8:52  SCV  
  107  8:53  SCV, Cyclone x2  
  101  8:56  SCV, Cyclone  
  105  9:03  Banshee  
  105  9:04  SCV  
  105  9:07  SCV  
  101  9:11  Cyclone  
  101  9:12  SCV, Hellion  
  101  9:13  Hellion  
  101  9:16  SCV  
  78  9:30  SCV  
  78  9:33  Hellion, Cyclone  
  78  9:34  SCV  
  78  9:35  Hellion  
  78  9:37  Hellion  
  84  9:45  Banshee  
  84  9:52  Cyclone  
  90  9:53  Cyclone  
  90  9:54  Hellion  
  90  9:56  Hellion  
  90  9:59  Cyclone  
  100  10:01  SCV  
  100  10:05  Cyclone  
  95  10:10  SCV  
  95  10:12  SCV  
  72  10:14  SCV  
  72  10:16  Hellion  
  72  10:17  Hellion  
  68  10:24  Cyclone  
  67  10:28  SCV, Banshee  
  67  10:30  SCV  
  67  10:31  SCV  
  68  10:37  Hellion  
  68  10:39  Hellion  
  72  10:44  SCV x2, Engineering Bay  
  72  10:45  SCV  
  75  10:54  Cyclone  
  75  10:57  Cyclone  
  81  11:01  Cyclone  
  84  11:05  SCV  
  84  11:08  SCV, Hellion  
  89  11:17  Hellion, Siege Tank  
  88  11:18  SCV  
  79  11:26  SCV  
  79  11:31  SCV  
  81  11:38  SCV  
  81  11:39  Siege Tank  
  78  11:45  Planetary Fortress  
  75  11:47  SCV  
  75  11:51  SCV  
  74  11:57  Hellion  
  74  11:59  SCV  
  70  12:03  SCV  
  58  12:10  Cyclone  
  58  12:11  SCV  
  58  12:13  Hellion  
  62  12:15  SCV  
  62  12:20  Cyclone  
  65  12:24  Hellion x2  
  65  12:27  SCV x3  
  68  12:35  Terran Vehicle And Ship Armor Level 2  
  68  12:39  SCV x2  
  68  12:42  Hellion x2  
  74  12:45  Raven  
  77  12:53  Cyclone  
  79  13:14  Command Center  
  79  13:16  Sensor Tower  
  79  13:22  Hellion x2  
  79  13:26  Hellion x2, Cyclone  
  82  13:27  Cyclone  
  82  13:32  Raven  
  87  13:36  Cyclone  
  87  13:39  Cyclone  
  93  13:44  Hellion x2  
  97  13:59  Cyclone x2  
  103  14:08  Cyclone  
  106  14:20  Factory Reactor  
  106  14:22  Banshee  
  105  14:25  Siege Tank  
  105  14:29  SCV x2  
  110  14:31  Siege Tank  
  110  14:32  SCV  
  110  14:34  Refinery  
  110  14:36  Refinery  
  106  14:40  Cyclone x2  
  106  14:41  SCV  
  106  14:42  SCV  
  111  14:57  Cyclone  
  114  15:04  Cyclone  
  114  15:06  SCV  
  118  15:10  Hellion x2  
  118  15:12  Cyclone  
  125  15:31  Hellion  
  125  15:32  Hellion  
  124  15:46  Cyclone  
  124  15:49  Cyclone  
  124  15:53  Hellion x2, Cyclone  
  124  15:57  SCV x3  
  127  16:09  SCV x2  
  129  16:13  Planetary Fortress  
  129  16:14  Hellion x2  
  133  16:25  Cyclone x2  
  139  16:28  SCV  
  140  16:36  Hellion  
  140  16:46  Hellion  
  133  16:53  Cyclone  
  125  16:59  Hellion  
  125  17:00  SCV  
  121  17:06  SCV  
  120  17:09  Cyclone x2  
  120  17:11  Hellion  
  120  17:12  Cyclone  
  108  17:21  Hellion  
  108  17:22  SCV  
  101  17:26  Cyclone  
  101  17:31  SCV  
  101  17:32  Hellion  
  104  17:38  SCV  
  104  17:41  Hellion  
  104  17:42  Hellion  
  109  17:47  SCV  
Show
View Real Time Build Order
Export as new Build Order

Lambo Zerg - Winner!

Build Orders: Hatch First, Swarm Host 

Get SALT Encoding   

  12  0:00  Drone  
  13  0:12  Overlord  
  13  0:17  Drone  
  14  0:31  Drone x2  
  16  0:49  Hatchery  
  15  0:52  Drone  
  15  0:56  Drone  
  17  0:59  Drone  
  18  1:10  Extractor  
  17  1:14  Spawning Pool  
  17  1:18  Drone  
  17  1:21  Drone  
  18  1:28  Drone  
  19  1:38  Drone  
  20  1:51  Overlord  
  20  2:01  Queen x2  
  20  2:02  Zergling x4  
  26  2:10  Metabolic Boost  
  26  2:11  Drone  
  26  2:14  Drone  
  28  2:23  Drone x2  
  30  2:51  Drone  
  30  2:52  Hatchery, Pneumatized Carapace  
  30  2:56  Drone x2  
  30  2:58  Overlord  
  32  3:05  Drone  
  33  3:11  Drone x3  
  36  3:17  Drone x2  
  36  3:18  Drone  
  39  3:21  Queen  
  39  3:25  Overlord  
  41  3:30  Drone x2  
  43  3:43  Queen  
  45  3:50  Zergling x2  
  45  3:51  Zergling x8  
  45  3:55  Drone  
  51  4:01  Overlord  
  51  4:03  Overlord  
  51  4:04  Queen, Extractor  
  51  4:06  Queen  
  51  4:07  Drone  
  56  4:10  Drone  
  56  4:14  Drone  
  58  4:21  Drone x3  
  58  4:22  Spore Crawler  
  60  4:24  Drone  
  60  4:28  Drone x2  
  60  4:29  Overlord, Baneling Nest  
  62  4:32  Drone x3  
  64  4:38  Drone  
  64  4:42  Drone x2  
  65  4:46  Drone  
  65  4:51  Spore Crawler  
  65  4:52  Zergling x2  
  66  4:54  Drone  
  66  4:55  Overlord  
  66  4:57  Drone x2  
  66  4:58  Overlord  
  69  5:02  Zergling x4  
  69  5:06  Queen  
  73  5:07  Lair  
  73  5:09  Drone  
  73  5:13  Overlord  
  74  5:18  Overlord  
  74  5:22  Extractor, Evolution Chamber, Drone x3  
  74  5:24  Extractor, Zergling x6  
  77  5:29  Overlord  
  77  5:30  Zergling x4  
  77  5:32  Overlord  
  77  5:33  Zergling x2  
  80  5:36  Overlord  
  80  5:38  Zergling x2  
  80  5:40  Overlord  
  81  5:43  Zergling x2  
  81  5:46  Baneling x2  
  81  5:47  Baneling x2  
  81  5:48  Drone  
  81  5:49  Drone  
  84  5:53  Zergling x6  
  84  5:54  Zergling x2  
  84  5:56  Overlord  
  88  6:02  Drone x4  
  73  6:11  Drone  
  73  6:14  Zerg Missile Weapons Level 1  
  73  6:18  Hydralisk Den, Drone x3  
  74  6:22  Drone x4  
  74  6:23  Hatchery, Drone x2  
  81  6:27  Spore Crawler  
  81  6:28  Overseer  
  81  6:31  Extractor, Drone x3  
  82  6:34  Extractor  
  82  6:35  Extractor  
  82  6:37  Zergling x2  
  81  6:43  Zergling x4  
  83  6:53  Drone x3  
  83  6:54  Drone  
  85  6:56  Centrifical Hooks, Muscular Augments  
  85  7:01  Drone  
  86  7:09  Overlord  
  86  7:11  Overlord  
  86  7:12  Hydralisk x5  
  96  7:16  Overlord  
  96  7:23  Hydralisk x4  
  96  7:27  Hydralisk x2  
  108  7:32  Overseer  
  108  7:37  Hydralisk x2  
  108  7:41  Zergling x12  
  118  7:46  Hydralisk x3  
  118  7:50  Overlord  
  118  7:51  Hydralisk  
  124  7:52  Zergling x12  
  132  8:00  Overlord  
  132  8:03  Overlord  
  132  8:04  Overlord  
  132  8:05  Hydralisk x2  
  132  8:09  Overlord  
  132  8:11  Hydralisk x4  
  142  8:18  Zergling x12, Grooved Spines  
  148  8:22  Zergling x2, Baneling x4  
  148  8:25  Baneling x2  
  148  8:26  Zergling x4  
  151  8:30  Zergling x6  
  151  8:31  Baneling  
  151  8:32  Baneling x4  
  151  8:34  Zergling x2  
  155  8:35  Baneling x2  
  155  8:40  Overseer  
  151  8:45  Hydralisk x3  
  151  8:46  Zergling x2  
  145  8:52  Hydralisk x3  
  145  8:53  Zergling x6  
  143  8:58  Hydralisk, Zergling x2  
  143  8:59  Zergling x2  
  143  9:02  Overseer  
  143  9:05  Hydralisk x3, Zergling x2  
  138  9:10  Hydralisk  
  138  9:11  Zergling x6  
  138  9:15  Hydralisk x2  
  128  9:19  Hydralisk  
  128  9:20  Zergling x4  
  118  9:26  Hydralisk x3  
  123  9:32  Hydralisk  
  123  9:33  Hydralisk, Zergling x2  
  123  9:35  Hydralisk  
  123  9:36  Zergling x2  
  127  9:38  Hydralisk  
  127  9:40  Zergling x2  
  127  9:44  Hydralisk x2  
  134  9:46  Zergling x2  
  134  9:48  Baneling x2  
  134  9:49  Zergling x4  
  134  9:51  Zergling x4  
  139  9:58  Zergling x10  
  140  10:02  Zergling x4  
  135  10:09  Zergling x14  
  135  10:12  Hydralisk x2  
  126  10:15  Zergling x4  
  126  10:16  Overseer  
  126  10:18  Hydralisk  
  126  10:19  Zergling x2  
  122  10:22  Hydralisk  
  122  10:23  Zergling x2  
  122  10:25  Hydralisk  
  122  10:26  Zergling x2  
  122  10:29  Hydralisk  
  122  10:30  Zergling x2  
  122  10:32  Hydralisk  
  122  10:33  Zergling x4  
  122  10:37  Hydralisk  
  118  10:43  Hydralisk x3  
  118  10:44  Baneling  
  118  10:45  Baneling x3  
  118  10:48  Zerg Missile Weapons Level 2  
  124  10:52  Hydralisk  
  124  10:55  Baneling x6  
  124  10:56  Baneling  
  126  11:00  Zergling x4, Baneling x3  
  126  11:03  Baneling x2  
  127  11:04  Hydralisk  
  127  11:05  Zergling x2  
  127  11:10  Hydralisk x2  
  131  11:11  Zergling x2  
  131  11:15  Hydralisk, Zergling x2  
  131  11:16  Zergling x2  
  131  11:17  Overseer  
  128  11:21  Zergling x10  
  124  11:25  Hydralisk  
  124  11:29  Evolution Chamber  
  122  11:33  Hydralisk x4  
  122  11:39  Hydralisk  
  123  11:40  Zergling x6  
  123  11:44  Zergling x8  
  123  11:45  Zergling x2  
  127  11:49  Zergling x6  
  127  11:52  Hydralisk x2  
  122  11:55  Hydralisk  
  122  11:59  Hydralisk, Zergling x2  
  115  12:03  Hydralisk  
  115  12:04  Zergling x4  
  111  12:09  Hydralisk  
  111  12:10  Zergling x6  
  111  12:12  Hydralisk  
  115  12:18  Hydralisk x2  
  115  12:19  Zergling x4  
  115  12:22  Hydralisk  
  115  12:23  Zergling x2  
  115  12:25  Hydralisk  
  115  12:26  Zergling x2  
  117  12:31  Zerg Melee Weapons Level 1  
  117  12:32  Infestation Pit  
  117  12:34  Hydralisk  
  117  12:35  Zergling x2  
  119  12:38  Queen  
  119  12:42  Overseer  
  121  12:44  Hydralisk x2  
  121  12:46  Drone x2  
  121  12:50  Hydralisk x2  
  127  13:03  Drone x7  
  127  13:05  Extractor  
  132  13:06  Extractor  
  129  13:23  Hatchery  
  129  13:26  Drone x2  
  129  13:29  Queen  
  129  13:30  Spore Crawler, Drone  
  129  13:31  Overseer  
  131  13:38  Swarm Host x8  
  131  13:41  Swarm Host x2  
  155  13:46  Hive  
  161  13:52  Zerg Ground Armor Level 1  
  161  13:53  Swarm Host x2  
  167  14:04  Overlord x2  
  165  14:18  Drone x2  
  165  14:19  Drone  
  165  14:21  Drone  
  165  14:22  Swarm Host x3  
  176  14:26  Swarm Host x2  
  176  14:28  Baneling x14  
  182  14:41  Overlord, Spine Crawler  
  182  14:42  Overlord  
  181  14:50  Zergling x2  
  181  14:51  Zergling x10  
  181  14:55  Pathogen Glands  
  181  14:57  Overlord  
  181  14:58  Overlord  
  181  15:04  Spire  
  180  15:09  Viper x2  
  186  15:14  Zergling x22  
  186  15:16  Baneling x11  
  186  15:17  Baneling  
  197  15:25  Drone x2  
  197  15:26  Extractor x2  
  197  15:27  Infestor  
  188  16:07  Baneling x17  
  188  16:12  Hatchery  
  188  16:13  Queen  
  188  16:16  Greater Spire  
  189  16:19  Infestor  
  183  16:51  Hydralisk x9  
  200  16:58  Zergling x8  
  200  16:59  Zergling x8  
  199  17:03  Zergling x6  
  199  17:05  Overlord x2  
  199  17:06  Overlord  
  196  17:11  Zergling x2  
  196  17:12  Zergling x12  
  196  17:14  Hydralisk x3  
  191  17:19  Hydralisk x9  
  196  17:25  Baneling x15  
  196  17:36  Overseer  
  196  17:38  Baneling x8  
  196  17:42  Baneling x3  
Tags
 
Add a new tag
Caveats
  • Supply blocks, unpowered buildings, or Contaminate may cause inaccurate times.
  • Supply counts are checked every 10 seconds.